 Dungeon Crawl Stone Soup version 0.26-a0-682-g294304f6e8 (webtiles) character file.

Game seed: 18290519431390840505

1719 lunkers the Frost Mage (level 8, -2/52 HPs)
             Began as a Vampire Ice Elementalist on Oct 21, 2020.
             Killed from afar by a white imp (9 damage)
             ... with a puff of frost
             ... on level 6 of the Dungeon.
             The game lasted 00:13:12 (6291 turns).

lunkers the Frost Mage (Vampire Ice Elementalist)   Turns: 6291, Time: 00:13:12

Health: -2/52      AC: 21    Str:  7    XL:     8   Next: 75%
Magic:  8/16       EV: 10    Int: 20    God:
Gold:   158        SH:  5    Dex: 14    Spells: 11/18 levels left

rFire    . . .     SeeInvis +   z - +0 rapier
rCold    . . .     Faith    .   v - +0 buckler
rNeg     + . .     Spirit   .   D - +2 ring mail of Serendipity {*Contam rPois rN+}
rPois    +         Reflect  .   (no helmet)
rElec    .         Harm     .   (no cloak)
rCorr    .         Rampage  .   x - +0 pair of gloves
MR       .....                  q - +0 pair of boots
Stlth    ++........             (no amulet)
HPRegen  0.37/turn              c - +4 ring of protection
MPRegen  0.15/turn              w - +4 ring of protection

@: icy armour, frozen ramparts, very slightly contaminated, regenerating quickly
A: fangs 3, see invisible, unbreathing
a: Exsanguinate


You were on level 6 of the Dungeon.
You visited 1 branch of the dungeon, and saw 6 of its levels.
You also visited: Sewer.

You collected 401 gold pieces.
You spent 243 gold pieces at shops.

Inventory:

Hand Weapons
 z - a +0 rapier (weapon)
Armour
 q - a +0 pair of boots (worn)
 t - a +2 robe of positive energy
 v - a +0 buckler (worn)
 x - a +0 pair of gloves (worn)
 D - the +2 ring mail of Serendipity (worn) {*Contam rPois rN+}
   (You bought it in a shop on level 5 of the Dungeon)

   It protects you from poison.
   It protects you from negative energy.
   It causes magical contamination when unequipped.
Jewellery
 c - a +4 ring of protection (left hand)
 h - an uncursed ring of resist corrosion
 p - an uncursed ring of resist corrosion
 w - a +4 ring of protection (right hand)
 F - the ring of the Butterfly {rC+ AC+4 Dex+4, unknown}
   (You found it on level 6 of the Dungeon)

   [ring of protection]

   It affects your AC (+4).
   It affects your dexterity (+4).
   It protects you from cold.
Wands
 l - a wand of flame (7)
 A - a wand of random effects (15)
 E - a wand of polymorph (7)
Scrolls
 e - 9 scrolls of remove curse {unknown}
 g - 6 scrolls of identify {unknown}
 j - a scroll of immolation {unknown}
 k - 2 scrolls of enchant weapon {unknown}
 m - a scroll of noise {unknown}
 n - a scroll of blinking {unknown}
 o - 7 scrolls of teleportation {unknown}
 s - 2 scrolls of fog {unknown}
 y - 2 scrolls of amnesia {unknown}
 C - a scroll of enchant armour {unknown}
 I - a scroll of magic mapping {unknown}
Potions
 a - 3 potions of might {unknown}
 b - 4 potions of flight {unknown}
 d - 3 potions of curing {unknown}
 f - 2 potions of ambrosia {unknown}
 i - a potion of resistance {unknown}
 r - a potion of mutation {unknown}
 u - 2 potions of lignification {unknown}
 B - a potion of heal wounds {unknown}
 G - a potion of degeneration {unknown}
 H - a potion of brilliance {unknown}


   Skills:
 - Level 2.1 Dodging
 - Level 3.0 Stealth
 - Level 4.0 Shields
 + Level 5.7 Spellcasting
 * Level 9.3 Ice Magic


You had 11 spell levels left.
You knew the following spells:

 Your Spells              Type           Power        Failure   Level
b - Frozen Ramparts       Ice            #####.       2%          3
c - Ozocubu's Armour      Ice            #####...     2%          3
p - Freeze                Ice            ####         1%          1

Your spell library contained the following spells:

 Spells                   Type           Power        Failure   Level
 Hailstorm                Conj/Ice       ###.....     50%         4
 Summon Ice Beast         Ice/Summ       ###.....     50%         4


Dungeon Overview and Level Annotations

Branches:
Dungeon (6/15)              Sewer (visited)
 Temple: D:4-7

Altars:
Ashenzari
Dithmenos
Elyvilon
Kikubaaqudgha
Makhleb
Ru
Uskayaw
The Shining One

Shops:
D:4 }   D:5 ([

Annotations:
D:3 2 transporters, Frask's ghost, amateur DsMo


Innate Abilities, Weirdness & Mutations

Your natural rate of healing is unusually fast.
You have razor-sharp teeth.
You have supernaturally acute eyesight. (SInv)
You can survive without breathing.


Message History

Training target 4.0 for Shields reached!
Your Shields skill increases to level 4!
Casting: Frozen Ramparts (dangerous; 2% risk of failure)
Confirm with . or Enter, or press ? or * to list all spells.
You miscast Ozocubu's Armour.
You are very lightly contaminated with residual magic.
Nothing appears to happen.
The white imp resists.
The wall freezes the white imp.
You barely miss the white imp.
The white imp is heavily wounded.
The white imp resists.
The wall freezes the white imp.
The white imp gestures at you.
The puff of frost hits you but does no damage.
Casting: Ozocubu's Armour (dangerous; 2% risk of failure)
Confirm with . or Enter, or press ? or * to list all spells.
A film of ice covers your body!
The white imp resists.
The wall freezes the white imp.
The white imp gestures at you. The puff of frost hits you!
You die...

#.......#<.....#
'.......#......# ....
#####'####.....# ....
.........###########...
.......................
..............).....#
....................#
..........).........+
.........)).....@5.)######
..............##'##......#
###+#####.....#...#..†...#
#.......#.....#...#.........
'.......#.....'...#.........
#.......#.....#...#.........
#.......'.....#...#.........
#......##.....#####.........
#......#.....##
###############


You could see a white imp.

Vanquished Creatures
  Sigmund (D:3)
  Eustachio (D:4)
  Edmund (D:5)
  An ice beast (D:4)
  2 ogres
  A phantom (D:6)
  2 bullfrogs (Sewer)
  A howler monkey (D:5)
  A hound (D:6)
  A jelly (D:5)
  An orc priest (D:3)
  4 orc wizards
  Jessica (D:3)
  4 iguanas
  5 worker ants
  2 hound skeletons
  12 adders
  A howler monkey skeleton (D:5)
  A shadow imp (D:6)
  2 white imps
  An ooze (D:2)
  An adder skeleton (D:5)
  2 worms
  4 leopard geckos
  17 orcs
  9 giant cockroaches
  6 goblins
  9 hobgoblins
  25 jackals
  4 kobolds
  2 quokkas
  2 ball pythons
  A ball python zombie (D:4)
  5 bats
  10 frilled lizards
  A leopard gecko skeleton (D:4)
  9 rats
153 creatures vanquished.

Vanquished Creatures (others)
  A withered plant (D:6)
1 creature vanquished.

Grand Total: 154 creatures vanquished

Notes
Turn   | Place    | Note
-------+----------+-------------------------------------------
     0 | D:1      | lunkers the Vampire Ice Elementalist began the quest for
                  | the Orb.
     0 | D:1      | Reached XP level 1. HP: 13/13 MP: 3/3
   165 | D:1      | Reached XP level 2. HP: 13/19 MP: 0/5
   876 | D:2      | Found a glowing golden altar of the Shining One.
   930 | D:2      | Found a sacrificial altar of Ru.
   932 | D:2      | Found a broken altar of Ashenzari.
  1167 | D:2      | Reached XP level 3. HP: 20/24 MP: 0/6
  1425 | D:2      | Reached skill level 5 in Ice Magic
  1556 | D:2      | Learned a level 3 spell: Frozen Ramparts
  1560 | D:2      | Learned a level 3 spell: Ozocubu's Armour
  1828 | D:2      | Reached XP level 4. HP: 30/30 MP: 5/8
  2072 | D:3      | Found a shadowy altar of Dithmenos.
  2111 | D:3      | Noticed Sigmund
  2116 | D:3      | Killed Sigmund
  2116 | D:3      | Reached skill level 6 in Ice Magic
  2116 | D:3      | Reached XP level 5. HP: 31/35 MP: 2/10
  2247 | D:3      | Found a transporter.
  2371 | D:3      | Noticed Frask's ghost (amateur DsMo)
  2391 | D:3      | Reached XP level 6. HP: 41/41 MP: 4/11
  2509 | D:3      | Found a transporter.
  2827 | D:3      | Noticed Jessica
  2830 | D:3      | Killed Jessica
  2985 | D:3      | Found a hide-covered altar of Uskayaw.
  3193 | D:4      | Found a burning altar of Makhleb.
  3285 | D:4      | Reached skill level 1 in Shields
  3285 | D:4      | Reached skill level 7 in Ice Magic
  3519 | D:4      | Reached XP level 7. HP: 46/46 MP: 9/13
  3815 | D:4      | Found Radam's Gadget Shop.
  4249 | D:5      | Entered Level 5 of the Dungeon
  4260 | D:5      | Noticed Eustachio
  4297 | D:4      | Killed Eustachio
  4297 | D:4      | Reached skill level 8 in Ice Magic
  4553 | D:5      | Reached XP level 8. HP: 46/52 MP: 10/15
  4682 | D:5      | Found Wyexutus's Weapon Shoppe.
  4691 | D:5      | Reached skill level 5 in Spellcasting
  4695 | D:5      | Found Leleroph's Antique Armour Emporium.
  4712 | D:5      | Bought a smoking ring mail for 243 gold pieces
  4732 | D:5      | Identified the +2 ring mail of Serendipity {*Contam rPois
                  | rN+} (You bought it in a shop on level 5 of the Dungeon)
  5028 | D:5      | Noticed Edmund
  5036 | D:5      | Killed Edmund
  5129 | D:5      | Found a white marble altar of Elyvilon.
  5200 | D:6      | Found a glowing drain.
  5271 | D:6      | Got a twitching amber ring
  5291 | Sewer    | Entered a sewer
  5811 | D:6      | Reached skill level 9 in Ice Magic
  6165 | D:6      | Found an ancient bone altar of Kikubaaqudgha.
  6291 | D:6      | Killed from afar by a white imp

Illustrated notes

Levels and vault maps discovered:
D:1:      dpeg_arrival_houses_and_road, layout_basic, serial_forest,
          infiniplex_forest_clump_small, infiniplex_forest_diagonal,
          infiniplex_forest_end_1, infiniplex_forest_straight_2,
          infiniplex_forest_lined_2, infiniplex_forest_straight_2,
          infiniplex_forest_clump_tiny, infiniplex_forest_lined_corner,
          infiniplex_forest_lined_room_, infiniplex_forest_clump_curved,
          hangedman_feature_mirror
D:2:      layout_basic, gammafunk_temple_overflow_forgotten
D:3:      layout_basic, nicolae_overflow_crystal_walls,
          gammafunk_ghost_stat_death, chequers_mini_garden, hex_large,
          grunt_dithmenos_smoke, uniq_jessica, uniq_sigmund
D:4:      layout_loops_ring, serial_shops, shop, hangedman_decor_opposing,
          lemuel_altar_in_water
D:5:      layout_basic, kennysheep_little_box, serial_shops, nicolae_shop_trees,
          nicolae_shop_waterfront, minmay_liquid_box, uniq_edmund,
          uniq_eustachio
D:6:      layout_gridville, kiku_gazebo_garden_becter, gup_sewer_entry_glass

Skill      XL: |  1  2  3  4  5  6  7  8 |
---------------+-------------------------+-----
Ice Magic      | 5 6 7 8 9 |  9.3
Spellcasting   | 3 4 5 |  5.7
Shields        | 1 2 4 |  4.0
Dodging        | |  2.1
Stealth        | |  3.0

Action                   |  1- 3 |  4- 6 |  7- 9 || total
-------------------------+-------+-------+-------++-------
Melee: Unarmed           |    61 |    10 |    30 ||   101
       Bite              |    15 |     1 |    25 ||    41
       Rapier            |       |       |   165 ||   165
 Cast: Freeze            |    62 |    46 |   110 ||   218
       Frozen Ramparts   |       |     9 |     5 ||    14
       Ozocubu's Armour  |       |       |     2 ||     2
Evoke: Wand              |       |       |     9 ||     9
Armor: Robe              |    29 |    16 |    44 ||    89
       Ring mail         |       |       |   108 ||   108
Dodge: Dodged            |    46 |    21 |   129 ||   196
Block: Buckler           |       |     4 |    59 ||    63

Table legend: (Time is in decaauts)
 A = Elapsed time spent in this place.
 B = Non-inter-level travel time spent in this place.
 C = Inter-level travel time spent in this place.
 D = Time resting spent in this place.
 E = Time spent auto-exploring this place.
 F = Levels seen in this place.
 G = Mean time per level.
                   A        B        C        D        E       F      G
               +--------+--------+--------+--------+--------+-----+--------+
         Total |   6381 |   6265 |    116 |     68 |   4800 |   7 |  911.6 |
       Dungeon |   6016 |   5900 |    116 |     68 |   4574 |   6 | 1002.7 |
         Sewer |    364 |    364 |      0 |      0 |    225 |   1 |  364.0 |
               +--------+--------+--------+--------+--------+-----+--------+

Top non-repeatable levels by time:
     D:4: 1184 daAuts
     D:2: 1174 daAuts
     D:3: 1124 daAuts
     D:1: 875 daAuts
     D:5: 853 daAuts
     D:6: 804 daAuts
   Sewer: 364 daAuts
